 Dungeon Crawl Stone Soup version 0.19-a0-1168-g98094fc (webtiles) character file.

58 PurpleRed the Conjurer (level 3, -2/19 HPs)
             Began as a Deep Elf Conjurer on Aug 16, 2016.
             Killed from afar by Terence (8 damage)
             ... with a wand of flame
             ... on level 2 of the Dungeon.
             The game lasted 00:04:43 (1206 turns).

PurpleRed the Conjurer (Deep Elf Conjurer)          Turns: 1206, Time: 00:04:44

Health: -2/19      AC:  3    Str:  5    XL:     3   Next: 75%
Magic:  7/10       EV: 13    Int: 20    God:
Gold:   74         SH:  0    Dex: 15    Spells: 2 memorised, 7 levels left

rFire  . . .     SeeInvis .     s - +0 hand axe
rCold  . . .     Gourm    .     a - +0 robe
rNeg   . . .     Faith    .     (no shield)
rPois  .         Spirit   .     u - +0 helmet
rElec  .         Dismiss  .     (no cloak)
rCorr  .         Reflect  .     (no gloves)
MR     .....     Harm     .     (no boots)
Stlth  ++........               (no amulet)
                                (no ring)
                                (no ring)

@: no status effects
A: no striking features
a: no special abilities


You were on level 2 of the Dungeon.
You were not hungry.

You visited 1 branch of the dungeon, and saw 2 of its levels.

You collected 74 gold pieces.

Inventory:

Hand Weapons
 s - a +0 hand axe (weapon)
Armour
 a - a +0 robe (worn)
 t - a +1 animal skin
 u - a +0 helmet (worn)
Scrolls
 h - a scroll of identify {unknown}
 i - a scroll of amnesia {unknown}
 k - a scroll of magic mapping {unknown}
 m - 2 scrolls of blinking {unknown}
 n - a scroll of enchant weapon {unknown}
 o - a scroll of fear {unknown}
 r - a scroll of remove curse {unknown}
Potions
 d - 4 potions of curing {unknown}
 e - 2 potions of mutation {unknown}
 g - a potion of experience {unknown}
 l - a potion of degeneration {unknown}
 q - a potion of lignification {unknown}
Books
 b - a book of Conjurations

   Spells                             Type                      Level
   a - Magic Dart                     Conjuration                  1
   b - Searing Ray                    Conjuration                  2
   c - Dazzling Spray                 Conjuration/Hexes            3
   d - Fulminant Prism                Conjuration/Hexes            4
   e - Iskenderun's Mystic Blast      Conjuration                  4
   f - Iskenderun's Battlesphere      Conjuration/Charms           5
Comestibles
 c - a bread ration
 f - a meat ration
 j - 3 fruits
 p - 2 chunks of flesh


   Skills:
 - Level 2.4 Dodging
 - Level 2.4 Stealth
 + Level 4.0 Spellcasting
 * Level 5.5 Conjurations


You had 7 spell levels left.
You knew the following spells:

 Your Spells              Type           Power        Failure   Level  Hunger
a - Magic Dart            Conj           ####         1%          1    None
b - Searing Ray           Conj           ####..       1%          2    #......


Dungeon Overview and Level Annotations

Branches:
Dungeon (2/15)

Altars:
Cheibriados

Annotations:
D:2 Terence


Message History

Okay, then.
Casting: Magic Dart
Confirm with . or Enter, or press ? or * to list all spells.
Aiming: Magic Dart
Press: ? - help, Shift-Dir - straight line, f/p - Terence
Aim: Terence, wielding a falchion, wearing a runed scale mail and carrying a wand of flame {zapped: 1} (lightly wounded)
The magic dart hits Terence.
Terence is lightly wounded.
Casting: Magic Dart
Confirm with . or Enter, or press ? or * to list all spells.
You can't see any susceptible monsters within range! (Use Z to cast anyway.)
Casting: Magic Dart
Confirm with . or Enter, or press ? or * to list all spells.
Aiming: Magic Dart
Press: ? - help, Shift-Dir - straight line, f/p - Terence
Aim: Terence, wielding a falchion, wearing a runed scale mail and carrying a wand of flame {zapped: 1} (lightly wounded)
The magic dart hits Terence.
Terence is moderately wounded.
Terence zaps a wand.
The puff of flame hits you!
You die...

### ..# #######
..#######.....################
................@....@......>#
..#######.......############.#
..# ##......# #.#
..########......# #.#
####............# #.#
#.....รท.....<# #.#
####......#####.# #.####
.))......)........ #.....
####.....)######## #.###.


You could see Terence.

Vanquished Creatures
  Robin (D:2)
  An ooze (D:1)
  2 worms (D:2)
  A giant gecko (D:2)
  2 giant cockroaches
  8 goblins
  8 hobgoblins
  5 bats
  A giant newt (D:1)
  2 kobolds (D:1)
  5 rats
36 creatures vanquished.

Notes
Turn   | Place    | Note
-------+----------+-------------------------------------------
     0 | D:1      | PurpleRed the Deep Elf Conjurer began the quest for the Orb.
     0 | D:1      | Reached XP level 1. HP: 10/10 MP: 6/6
   158 | D:1      | Reached XP level 2. HP: 15/15 MP: 2/8
   337 | D:1      | Reached skill level 5 in Conjurations
   478 | D:1      | Found a snail-covered altar of Cheibriados.
   759 | D:2      | Noticed Robin
   783 | D:1      | Learned a level 2 spell: Searing Ray
   853 | D:2      | Reached XP level 3. HP: 11/19 MP: 6/10
  1060 | D:2      | Killed Robin
  1179 | D:2      | Noticed Terence
  1206 | D:2      | Killed from afar by Terence

Vault maps used:
D:1:      dpeg_arrival_signposts, cheibriados_altar_1
D:2:      uniq_robin, uniq_terence

Skill      XL: |  1  2  3 |
---------------+----------+-----
Conjurations   | 5 |  5.5
Spellcasting   | 4 |  4.0
Dodging        | |  2.4
Stealth        | |  2.4

Action                   || total
-------------------------++-------
Melee: Hand axe          ||     1
 Cast: Magic Dart        ||    58
       Searing Ray       ||     4
  Eat: Chunk             ||     1
Armor: Robe              ||     1
Dodge: Dodged            ||     5
